Map: Deathaura LE

Players

Neeb

  • Race: Protoss Protoss
  • League: Master
  • Spawn Location: 5:00

Scarlett - Winner!

  • Race: Zerg Zerg
  • Spawn Location: 11:00

Event: DreamHack SC2 Masters 2020 Fall

VOD

Have the link to the VOD?

Description

Time

  • Played on: Sept. 13, 2020, 6:23 p.m.
  • Length: 14:34

All games in this series

Show
View Real Time Build Order
Export as new Build Order

Neeb Protoss 

Build Orders: 1 Gate Expand, Oracle Opening, Archon Immortal, Carriers 

Get SALT Encoding   

  12  0:00  Probe  
  13  0:12  Probe  
  14  0:18  Pylon  
  14  0:24  Probe  
  15  0:36  Gateway  
  15  0:39  Probe (Chrono Boost)  
  16  0:49  Probe (Chrono Boost)  
  17  0:51  Assimilator  
  17  0:54  Probe (Chrono Boost)  
  18  1:06  Probe  
  19  1:18  Probe  
  20  1:24  Cybernetics Core  
  20  1:40  Nexus  
  20  1:45  Pylon  
  20  1:48  Probe  
  20  1:53  Assimilator  
  21  1:57  Adept (Chrono Boost)  
  23  2:03  Probe  
  24  2:16  Probe  
  24  2:17  Adept (Chrono Boost)  
  27  2:28  Probe  
  28  2:33  Stargate  
  28  2:40  Probe  
  28  2:41  Adept  
  31  2:45  Warp Gate  
  31  2:53  Probe (Chrono Boost)  
  31  2:57  Probe (Chrono Boost)  
  33  3:02  Probe (Chrono Boost)  
  33  3:03  Gateway  
  35  3:05  Probe (Chrono Boost)  
  35  3:07  Probe  
  36  3:16  Probe  
  36  3:17  Oracle (Chrono Boost)  
  36  3:19  Probe  
  41  3:28  Probe  
  41  3:31  Probe  
  41  3:33  Pylon  
  41  3:40  Probe  
  42  3:43  Probe  
  42  3:44  Void Ray (Chrono Boost)  
  43  3:52  Probe  
  46  3:57  Assimilator, Probe  
  46  3:59  Assimilator  
  47  4:05  Shield Battery, Probe (Chrono Boost)  
  47  4:09  Probe (Chrono Boost)  
  49  4:13  Pylon  
  50  4:19  Robotics Facility  
  50  4:21  Probe (Chrono Boost)  
  50  4:23  Probe (Chrono Boost)  
  51  4:27  Probe (Chrono Boost)  
  51  4:29  Probe (Chrono Boost)  
  53  4:35  Adept x2, Probe  
  53  4:37  Pylon  
  58  4:41  Probe  
  59  4:47  Probe  
  59  4:50  Nexus  
  59  4:51  Pylon  
  60  4:53  Pylon, Probe  
  60  4:57  Forge  
  60  4:58  Twilight Council  
  61  5:01  Sentry x2  
  61  5:02  Probe  
  66  5:09  Immortal (Chrono Boost), Probe  
  71  5:15  Probe  
  71  5:21  Shield Battery, Probe  
  72  5:27  Probe  
  72  5:37  Protoss Ground Weapons Level 1, Probe  
  72  5:38  Immortal (Chrono Boost), Charge  
  72  5:42  Zealot, Sentry  
  77  5:43  Probe  
  77  5:49  Probe  
  81  5:52  Gateway  
  81  5:54  Gateway  
  81  5:56  Probe  
  82  5:59  Templar Archives  
  82  6:03  Probe  
  83  6:05  Probe  
  83  6:08  Pylon, Probe  
  86  6:11  Observer (Chrono Boost)  
  86  6:12  Zealot x2  
  86  6:15  Probe  
  91  6:19  Probe  
  91  6:20  Assimilator  
  91  6:22  Assimilator, Probe  
  91  6:24  Warp Prism (Chrono Boost)  
  93  6:27  Psionic Storm  
  93  6:28  Probe  
  93  6:31  Pylon  
  96  6:34  Probe  
  96  6:39  Gateway  
  97  6:41  Gateway  
  97  6:42  High Templar x2  
  97  6:43  Probe x2  
  103  6:56  Probe  
  103  6:59  Probe x2  
  106  7:02  Gateway  
  106  7:03  Gateway  
  106  7:04  Photon Cannon  
  106  7:07  Immortal (Chrono Boost)  
  110  7:11  Pylon  
  110  7:19  High Templar x2  
  110  7:20  High Templar  
  116  7:23  Pylon  
  116  7:25  Pylon  
  116  7:26  Photon Cannon x2  
  116  7:28  Pylon  
  116  7:30  Pylon  
  116  7:34  Protoss Ground Weapons Level 2 (Chrono Boost)  
  116  7:39  Zealot x3  
  116  7:43  Immortal (Chrono Boost)  
  126  7:45  Pylon  
  126  7:57  Zealot x3, High Templar x2  
  134  8:02  Nexus  
  134  8:05  Probe x2  
  132  8:06  Probe  
  132  8:10  Archon  
  133  8:12  Pylon  
  133  8:14  Photon Cannon  
  133  8:16  High Templar x2, Shield Battery  
  133  8:17  Zealot  
  133  8:18  Probe  
  140  8:20  Probe  
  141  8:27  Immortal (Chrono Boost)  
  141  8:28  Probe  
  141  8:34  Probe  
  147  8:36  Probe  
  147  8:39  Assimilator  
  148  8:43  Assimilator  
  148  8:48  Zealot x4, High Templar x2  
  154  8:51  Zealot x2  
  154  8:52  Archon  
  164  9:05  Pylon  
  164  9:14  High Templar x3  
  164  9:15  High Templar  
  164  9:16  Zealot x2  
  176  9:19  Archon x2  
  176  9:23  Zealot x2  
  180  9:25  Immortal  
  184  9:43  Fleet Beacon  
  184  9:45  Stargate  
  178  9:50  Protoss Air Weapons Level 1 (Chrono Boost)  
  178  9:51  Stargate  
  170  9:55  High Templar  
  170  9:58  Protoss Ground Weapons Level 3 (Chrono Boost), Photon Cannon  
  172  10:01  Photon Cannon  
  172  10:03  Photon Cannon  
  172  10:04  Photon Cannon  
  172  10:05  Zealot x2, High Templar, Photon Cannon  
  172  10:06  Zealot x3, Photon Cannon  
  184  10:08  Shield Battery  
  184  10:10  Shield Battery  
  184  10:14  Shield Battery  
  184  10:19  Photon Cannon  
  184  10:20  Photon Cannon  
  184  10:22  Pylon  
  174  10:45  High Templar x3  
  174  10:46  Zealot x4, High Templar  
  174  10:48  Observer (Chrono Boost)  
  191  10:50  Archon  
  189  11:01  Archon  
  188  11:07  High Templar x2  
  188  11:08  Zealot x2  
  188  11:28  Zealot x6  
  188  11:30  Dark Shrine  
  188  11:31  Carrier (Chrono Boost)  
  190  11:40  Carrier (Chrono Boost)  
  182  11:51  Carrier (Chrono Boost)  
  182  11:52  High Templar  
  184  12:07  Protoss Air Weapons Level 2  
  184  12:12  Photon Cannon x2  
  184  12:15  Zealot x7, Photon Cannon  
  194  12:16  Archon  
  194  12:17  Photon Cannon  
  194  12:19  Photon Cannon  
  194  12:21  Shield Battery  
  184  12:26  Shield Battery  
  184  12:27  Carrier (Chrono Boost)  
  184  12:28  Pylon  
  176  12:30  Probe x2  
  162  12:37  Zealot x7, Carrier (Chrono Boost)  
  167  12:45  Carrier (Chrono Boost)  
  145  12:54  Immortal (Chrono Boost), Probe  
  145  12:57  High Templar x2  
  145  12:58  Zealot x4, High Templar  
  152  13:04  Probe  
  149  13:23  High Templar x4, Nexus  
  157  13:28  Archon x2  
  157  13:30  Immortal (Chrono Boost)  
  160  13:36  Zealot x3  
  152  13:53  Nexus  
  139  13:56  High Templar  
  139  13:57  Zealot x2, High Templar x2  
  134  14:03  Gateway  
  134  14:05  Gateway  
  134  14:06  Gateway  
  134  14:07  Gateway  
Show
View Real Time Build Order
Export as new Build Order

Scarlett Zerg - Winner!

Build Orders: Hatch First, Lurkers 

Get SALT Encoding   

  12  0:00  Drone  
  13  0:12  Overlord  
  13  0:18  Drone  
  14  0:31  Drone  
  15  0:42  Drone x2  
  17  0:51  Hatchery  
  17  0:56  Drone  
  17  0:59  Drone  
  18  1:10  Extractor  
  17  1:13  Spawning Pool  
  17  1:17  Drone  
  17  1:20  Drone  
  18  1:28  Drone  
  19  1:39  Drone  
  20  1:50  Overlord  
  20  1:59  Queen  
  22  2:03  Queen  
  22  2:04  Zergling x4  
  26  2:13  Metabolic Boost  
  26  2:17  Drone x2  
  28  2:27  Drone x2  
  30  2:36  Hatchery  
  29  2:39  Zergling x2  
  29  2:40  Zergling x2  
  31  2:48  Drone  
  31  2:49  Overlord  
  32  2:56  Queen  
  32  2:57  Zergling x2  
  35  2:59  Drone  
  36  3:10  Drone x4  
  40  3:19  Zergling x2  
  40  3:22  Spore Crawler  
  37  3:27  Drone x2  
  38  3:34  Drone x2  
  38  3:36  Spore Crawler  
  38  3:37  Queen, Spore Crawler  
  38  3:39  Drone  
  41  3:46  Drone  
  42  3:51  Drone x3  
  42  3:55  Queen  
  47  4:02  Drone x3  
  49  4:08  Drone x2  
  50  4:14  Spore Crawler  
  49  4:17  Drone  
  49  4:23  Overlord x2  
  50  4:36  Overlord  
  50  4:41  Overlord  
  50  4:42  Drone x8  
  50  4:44  Lair  
  58  4:50  Evolution Chamber, Extractor  
  56  4:53  Queen  
  56  4:54  Drone x3  
  56  4:56  Overlord  
  56  4:58  Drone  
  62  5:00  Drone x2  
  62  5:03  Drone  
  62  5:04  Drone x2  
  68  5:07  Drone  
  68  5:09  Drone x2  
  70  5:15  Drone x3  
  70  5:18  Drone  
  74  5:23  Extractor  
  71  5:31  Drone x9  
  71  5:33  Zerg Missile Weapons Level 1  
  78  5:36  Drone x2  
  78  5:38  Extractor  
  78  5:39  Extractor  
  78  5:40  Drone, Overlord  
  79  5:49  Extractor, Hydralisk Den  
  77  5:50  Drone x3, Overlord  
  80  6:00  Drone x8  
  88  6:08  Overlord  
  88  6:09  Overseer  
  88  6:11  Overseer  
  88  6:14  Hatchery  
  88  6:18  Hydralisk x4  
  87  6:22  Grooved Spines  
  87  6:24  Hydralisk  
  87  6:25  Hydralisk  
  97  6:34  Hydralisk x4  
  97  6:36  Overlord  
  97  6:39  Overlord  
  105  6:40  Overlord  
  105  6:45  Overlord  
  105  6:46  Overlord  
  105  7:08  Hydralisk x9  
  107  7:09  Infestation Pit  
  107  7:10  Overlord x2  
  107  7:15  Hatchery  
  121  7:29  Evolution Chamber, Overlord  
  120  7:30  Hydralisk x6  
  120  7:35  Drone x7  
  139  7:37  Zerg Missile Weapons Level 2  
  139  7:39  Overlord  
  139  7:42  Extractor  
  138  7:44  Muscular Augments  
  138  7:47  Extractor  
  134  8:07  Hive  
  134  8:08  Drone  
  134  8:10  Lurker Den  
  134  8:11  Drone  
  134  8:12  Drone x10  
  145  8:20  Hydralisk  
  145  8:21  Hydralisk x3  
  145  8:22  Hatchery  
  145  8:25  Zerg Ground Armor Level 1  
  152  8:36  Hydralisk x4  
  160  8:50  Drone x2, Overlord  
  162  8:57  Overseer  
  162  9:01  Zergling x20  
  172  9:03  Extractor x2  
  172  9:04  Pneumatized Carapace  
  172  9:06  Drone x3  
  172  9:08  Zergling x6  
  176  9:16  Spine Crawler  
  175  9:19  Hydralisk x4  
  175  9:20  Zergling x2  
  175  9:22  Seismic Spines, Overlord x2  
  180  9:48  Lurker x8  
  184  10:01  Zerg Missile Weapons Level 3  
  184  10:03  Lurker x2  
  184  10:04  Spine Crawler x2  
  184  10:06  Drone x2  
  184  10:07  Drone x4  
  188  10:09  Zergling x2  
  188  10:10  Zergling x18  
  200  10:14  Spore Crawler  
  200  10:15  Spine Crawler  
  200  10:17  Spine Crawler  
  200  10:18  Spine Crawler  
  200  10:19  Adaptive Talons  
  196  10:27  Hatchery  
  192  10:30  Lurker x5  
  192  10:31  Lurker x2  
  195  10:36  Overseer x2  
  196  10:45  Zerg Ground Armor Level 2  
  196  10:46  Hatchery  
  194  11:02  Spire  
  193  11:08  Hydralisk x6  
  199  11:11  Zergling x2  
  192  11:19  Overseer x2  
  177  11:26  Drone x6  
  177  11:27  Drone x14  
  188  11:37  Hydralisk x7  
  195  11:53  Hydralisk x5  
  196  12:06  Lurker x3  
  199  12:12  Overseer x4  
  194  12:20  Hatchery  
  188  12:23  Lurker x9  
  195  12:31  Hydralisk x2  
  193  12:42  Hydralisk x11  
  193  12:44  Overseer  
  195  12:49  Hydralisk x7  
  185  12:57  Overlord x3  
  185  12:58  Hydralisk  
  173  13:01  Hatchery  
  173  13:02  Hydralisk  
  170  13:08  Queen  
  170  13:09  Queen, Unknown  
  173  13:17  Hydralisk x10  
  193  13:20  Zergling x2  
  193  13:22  Overseer x3  
  194  13:28  Zergling x6, Unknown  
  194  13:29  Zergling x2  
  197  13:36  Zergling x4  
  199  13:46  Hydralisk  
  197  13:52  Hydralisk x5  
  189  13:59  Hydralisk x5  
  196  14:08  Hydralisk x3  

Tags
 
Add a new tag
Caveats
  • Supply blocks, unpowered buildings, or Contaminate may cause inaccurate times.
  • Supply counts are checked every 10 seconds.